 Dungeon Crawl Stone Soup version 0.26.1-11-gd32895ea62 (webtiles) character file.

Game seed: 6951993400466440490

69507 vvl the Grappler (level 14, -3/122 HPs)
             Began as a Pale Draconian Transmuter on July 7, 2021.
             Was the Champion of Makhleb.
             Slain by a death ooze (29 damage)
             ... on level 6 of the Lair of Beasts.
             The game lasted 01:37:10 (29242 turns).

vvl the Grappler (Pale Draconian Transmuter)       Turns: 29242, Time: 01:37:11

Health: -3/122     AC: 12    Str: 17    XL:     14   Next: 90%
Magic:  18/21      EV: 16    Int: 20    God:    Makhleb [******]
Gold:   1356       SH:  0    Dex: 18    Spells: 11/21 levels left

rFire    . . .     SeeInvis .     - Unarmed
rCold    + . .     Faith    .   (shield currently unavailable)
rNeg     . . .     Spirit   .   (armour unavailable)
rPois    .         Reflect  .   R - +1 hat
rElec    .         Harm     .   W - scarf {shadows}
rCorr    .         Rampage  .   (gloves currently unavailable)
Will     +....                  y - +2 pair of boots {Stlth+}
Stlth    +++.......             X - amulet of Ogaff {Acrobat Int+4}
HPRegen  0.30/turn              l - +4 ring of slaying
MPRegen  0.17/turn              T - +6 ring of dexterity

@: blade hands
A: breathe steam, unfitting armour, clever 1, cold resistance 1, cold-blooded,
AC +8
a: Breathe Steam, End Transformation, Renounce Religion, Minor Destruction,
Lesser Servant of Makhleb, Major Destruction, Greater Servant of Makhleb


You were on level 6 of the Lair of Beasts.
You worshipped Makhleb.
Makhleb was exalted by your worship.
You had blades for hands.
You visited 3 branches of the dungeon, and saw 21 of its levels.
You also visited: Gauntlet, Ice Cave and Volcano.

You collected 1441 gold pieces.
You spent 85 gold pieces at shops.

Inventory:

Hand Weapons
 N - the +7 morningstar of Context {venom, Str+2 Dex+4}
   (You found it on level 12 of the Dungeon)

   It poisons the flesh of those it strikes.
   It affects your strength (+2).
   It affects your dexterity (+4).
Missiles
 K - 5 silver javelins
Armour
 o - the +0 pair of gloves of Pikkiuss (melded) {Rampage}
   (You found it on level 3 of the Lair of Beasts)

   It bestows one free step when moving towards enemies.
 y - a +2 pair of boots of stealth (worn)
 G - the +1 cloak "Tepriab" {rPois rC- Stlth+}
   (You found it on level 7 of the Dungeon)

   It makes you vulnerable to cold.
   It protects you from poison.
   It makes you more stealthy.
 R - a +1 hat (worn)
 W - a scarf of shadows (worn)
Jewellery
 i - a cursed amulet of reflection
 l - a +4 ring of slaying (left scythe-like blade)
 A - the ring "Giqel" {Fire rN+ Will+}
   (You found it on level 4 of the Lair of Beasts)

   [ring of fire]

   It enhances your fire magic.
   It protects you from fire.
   It makes you vulnerable to cold.
   It protects you from negative energy.
   It affects your willpower, your defense against some magical effects.
 L - a +4 ring of protection
 T - a +6 ring of dexterity (right scythe-like blade)
 U - an uncursed ring of protection from fire
 X - the amulet of Ogaff (around neck) {Acrobat Int+4}
   (You found it in a Gauntlet)

   [amulet of the acrobat]

   It helps you evade while moving and waiting.
   It affects your intelligence (+4).
Wands
 a - a wand of acid (15)
 b - a wand of paralysis (7)
 e - a wand of polymorph (10)
 j - a wand of digging (2)
 H - a wand of iceblast (8)
 J - a wand of flame (52)
 Q - a wand of disintegration (9)
Scrolls
 g - 11 scrolls of remove curse
 k - 3 scrolls of magic mapping
 n - 2 scrolls of immolation {unknown}
 p - 13 scrolls of teleportation
 q - a scroll of brand weapon {unknown}
 r - 6 scrolls of amnesia
 t - a scroll of fog
 z - 4 scrolls of enchant weapon
 B - 5 scrolls of enchant armour
 D - 6 scrolls of fear
 E - 3 scrolls of random uselessness {unknown}
 S - 2 scrolls of blinking
 Y - a scroll of silence {unknown}
Potions
 c - 6 potions of might
 d - 2 potions of heal wounds
 f - 6 potions of attraction
 h - 6 potions of haste
 m - 2 potions of magic
 s - 4 potions of lignification
 u - 2 potions of invisibility {unknown}
 v - 2 potions of degeneration {unknown}
 w - 3 potions of ambrosia {unknown}
 x - 5 potions of curing
 C - 3 potions of flight {unknown}
 F - 3 potions of brilliance {unknown}
 I - 3 potions of resistance {unknown}
 O - 3 potions of mutation
 P - 3 potions of cancellation
Miscellaneous
 M - a phantom mirror
 V - a tin of tremorstones (2/2)


   Skills:
 + Level 10.7 Fighting
 + Level 7.7 Maces & Flails
 + Level 6.2 Dodging
 - Level 4.6 Shields
 * Level 12.7 Unarmed Combat
 + Level 4.4 Spellcasting
 + Level 12.2 Transmutations
 + Level 5.6 Earth Magic
 + Level 10.2 Invocations
 - Level 9.1 Evocations


You had 11 spell levels left.
You knew the following spells:

 Your Spells              Type           Power        Failure   Level
a - Beastly Appendage     Tmut           52%          7%          1
b - Blade Hands           Tmut           13%          22%         5
c - Petrify               Tmut/Erth      20%          26%         4

Your spell library contained the following spells:

 Spells                   Type           Power        Failure   Level
 Wereblood                Tmut           26%          8%          2
 Spider Form              Tmut/Pois      7%           26%         3
 Ice Form                 Ice/Tmut       14%          45%         4
 Animate Skeleton         Necr           4%           50%         1
 Corona                   Hex            2%           50%         1
 Freeze                   Ice            8%           50%         1
 Corpse Rot               Necr/Air       N/A          61%         2
 Ensorcelled Hibernation  Hex/Ice        4%           61%         2
 Sublimation of Blood     Necr           1%           61%         2
 Yara's Violent Unravell  Hex/Tmut       7%           71%         5
 Confusing Touch          Hex            2%           78%         3
 Dazzling Flash           Conj/Hex       4%           78%         3
 Frozen Ramparts          Ice            4%           78%         3
 Gell's Gravitas          Tloc           1%           78%         3
 Ozocubu's Armour         Ice            2%           78%         3
 Tukima's Dance           Hex            2%           78%         3
 Vampiric Draining        Necr           1%           78%         3
 Dispel Undead            Necr           2%           97%         4
 Hailstorm                Conj/Ice       2%           97%         4
 Summon Ice Beast         Ice/Summ       2%           97%         4
 Summon Lightning Spire   Summ/Air       2%           97%         4
 Metabolic Englaciation   Hex/Ice        1%           100%        5
 Silence                  Hex/Air        1%           100%        5
 Conjure Ball Lightning   Conj/Air       1%           100%        6
 Death Channel            Necr           1%           100%        6
 Tornado                  Air            1%           100%        9


Dungeon Overview and Level Annotations

Branches:
Dungeon (14/15)            Temple (1/1) D:7            Lair (6/6) D:11
 Shoals (0/4) Lair:2       Spider (0/4) Lair:2        Slime (0/5) Lair:5
    Orc (0/2) D:11         Vaults (0/5) D:14          IceCv (visited)
Volcano (visited)         Gauntlet (visited)

Altars:
Ashenzari
Cheibriados
Dithmenos
Elyvilon
Fedhas
Gozag
Hepliaklqana
Kikubaaqudgha
Makhleb
Nemelex Xobeh
Okawaru
Qazlal
Ru
Sif Muna
Trog
Uskayaw
Vehumet
Wu Jian
Xom
Yredelemnul
Zin
The Shining One
Jiyva

Shops:
D:9 [   D:11 *


Innate Abilities, Weirdness & Mutations

You can breathe blasts of scalding, opaque steam.
Your pale cyan-grey scales are hard. (AC +8)
You cannot fit into any form of body armour.
You are cold-blooded and may be slowed by cold attacks.
Your mind is acute. (Int +2)
Your flesh is cold resistant. (rC+)


Message History

You shred the death ooze!!!
You destroy the death ooze!
Makhleb accepts your kill.
You feel better.
You slash the death ooze!
The death ooze is moderately damaged.
An ooze comes into view.
The death ooze hits you!! x2
* * * LOW HITPOINT WARNING * * *
Aiming: Corrosive Bolt
Press: ? - help, Shift-Dir - straight line, f - jelly
Aim: a jelly (0% to evade)
The bolt of acid hits the death ooze.
The death ooze completely resists.
The death ooze is moderately damaged.
The bolt of acid hits the ooze.
The ooze completely resists.
The bolt of acid hits the death ooze.
The death ooze completely resists.
The bolt of acid hits the ooze.
The ooze completely resists.
The bolt of acid hits the jelly.
The jelly completely resists.
The death ooze hits you!!
You die...

,,,,,,,,,,,,,.#..................
,,,,,,,,,,,,..P...#...........[(.
,,,,,,,,,,.......................
,,,,,,,,,,...................≈≈≈≈
,,,,,,,,,,...................≈≈≈≈
,,,,,,,,,,............P.##...≈≈P≈
,,,,,,,,,,..........####.##P.≈≈≈.
,,,,,,,,,,..........# ###P..≈≈≈.
,,,,,,,,,,......@.#.# *#......
,,,,,,,,*,...##J##### ##.....
,,,,,,,<,,,,,#JJJ,,,* ##.....
,,,,,,,,,,,,,#JJ,,,,* ##......
,*,,,,,,,,,,,#JJ,,,,* #.#....<
..#..........#JJ,,,,##* #.......
..##.........#..,,,,#.#####.≈..≈≈
..##....#....#,,,,,,#...#..≈≈≈≈≈≈
........#P...########.....≈≈≈≈≈≈≈


You could see a death ooze, 6 jellies and 2 oozes.

Vanquished Creatures
  A very ugly thing (D:13)
  A minotaur (Gauntlet)
  3 death oozes (Lair:6)
  A fire dragon (Volcano)
  A vault guard (D:14)
  The ghost of hawla the Basher, a journeyman DrCj of Vehumet (D:13)
  2 boulder beetles
  3 hydras
  3 centaur warriors
  5 two-headed ogres
  A ghost crab (Gauntlet)
  A death knight (D:14)
  4 death yaks (Lair:5)
  Sonja (Lair:5)
  2 glowing orange brains (D:13)
  2 unseen horrors
  A wizard (Gauntlet)
  Pikel (D:4)
  An orb spider (shapeshifter) (D:13)
  4 oklob plants
  3 manticores
  10 ugly things
  A deep elf mage (D:12)
  2 cyclopes (D:13)
  A merfolk siren (Lair:2)
  3 salamanders (Volcano)
  2 black mambas
  An apocalypse crab (Gauntlet)
  3 ice statues (IceCv)
  11 cane toads
  2 gargoyles
  A torpor snail (Lair:4)
  2 kobold demonologists (D:14)
  11 komodo dragons
  3 rime drakes
  8 trolls
  4 polar bears
  A hornet (D:11)
  A hornet (shapeshifter) (D:13)
  A blink frog (shapeshifter) (D:13)
  10 blink frogs
  2 dream sheep (Lair:4)
  A water elemental (D:11)
  7 fire bats (Volcano)
  3 basilisks
  9 wyverns
  2 wraiths
  42 yaks
  A hog (shapeshifter) (D:13)
  2 vampire mosquitoes (D:13)
  2 steam dragons (Volcano)
  4 neqoxecs (D:13)
  Menkaure (D:5)
  A warg (shapeshifter) (D:13)
  2 acid dragons
  Duvessa (D:5)
  15 water moccasins
  9 ice beasts
  7 orc warriors
  2 sky beasts
  3 eyes of draining
  A necrophage (D:11)
  14 ogres
  A black bear (D:9)
  A phantom (D:13)
  A boggart (shapeshifter) (D:13)
  5 boggarts (D:14)
  12 wolves
  3 centaurs
  A lemure (D:4)
  4 big kobolds
  A gnoll sergeant (D:8)
  14 bullfrogs
  A water moccasin zombie (D:5)
  8 scorpions
  2 wyvern skeletons
  Dowan (D:5)
  A killer bee (shapeshifter) (D:13)
  6 killer bees (D:8)
  8 electric eels
  6 wights
  9 howler monkeys
  3 bullfrog skeletons
  A bullfrog zombie (D:6)
  A centaur zombie (D:12)
  3 centaur skeletons
  A hound (shapeshifter) (D:13)
  11 jellies
  5 hounds
  4 orc priests
  6 orc wizards
  3 iguanas
  4 hell rats (Lair:3)
  15 worker ants
  A killer bee zombie (D:10)
  A hound zombie (D:10)
  2 hound skeletons
  A howler monkey skeleton (D:5)
  4 gnolls (D:8)
  10 adders
  5 white imps
  5 ufetubi
  20 oozes
  2 adder skeletons
  2 adder zombies (D:8)
  2 worms
  2 dart slugs
  5 leopard geckos
  39 orcs
  6 bats
  8 giant cockroaches
  10 goblins
  7 hobgoblins
  10 jackals
  5 quokkas
  A ball python (D:2)
  A ball python skeleton (D:5)
  A frilled lizard (D:1)
  A jackal zombie (D:9)
  23 kobolds
  2 rats
569 creatures vanquished.

Vanquished Creatures (others)
  25 fungi
  77 plants
  4 withered plants (Gauntlet)
106 creatures vanquished.

Grand Total: 675 creatures vanquished

Notes
Turn   | Place    | Note
-------+----------+-------------------------------------------
     0 | D:1      | vvl the Draconian Transmuter began the quest for the Orb.
     0 | D:1      | Reached XP level 1. HP: 16/16 MP: 3/3
   359 | D:1      | Reached XP level 2. HP: 23/23 MP: 5/5
   592 | D:1      | Reached XP level 3. HP: 29/29 MP: 6/6
  1628 | D:2      | Reached XP level 4. HP: 35/36 MP: 4/7
  2421 | D:4      | Noticed an ogre
  2429 | D:4      | Killed an ogre
  2430 | D:4      | Reached XP level 5. HP: 6/42 MP: 1/8
  2982 | D:4      | Found a burning altar of Makhleb.
  2983 | D:4      | Found a sacrificial altar of Ru.
  2997 | D:4      | Became a worshipper of Makhleb the Destroyer
  3048 | D:4      | Found a snail-covered altar of Cheibriados.
  3162 | D:5      | Entered Level 5 of the Dungeon
  3175 | D:5      | Reached XP level 6. HP: 12/51 MP: 4/9
  3466 | D:5      | Reached skill level 5 in Unarmed Combat
  3670 | D:6      | Reached skill level 5 in Transmutations
  4047 | D:6      | Your scales start taking on a pale cyan-grey colour.
  4047 | D:6      | Reached XP level 7. HP: 46/57 MP: 6/10
  4355 | D:6      | Reached skill level 1 in Invocations
  4355 | D:6      | Reached skill level 1 in Evocations
  4738 | D:5      | Noticed Dowan
  4755 | D:5      | Reached * piety under Makhleb
  4756 | D:5      | Reached XP level 8. HP: 54/66 MP: 9/11
  4762 | D:5      | Killed Dowan
  4774 | D:5      | Noticed Duvessa
  4796 | D:5      | Killed Duvessa
  5274 | D:5      | Noticed Menkaure
  5281 | D:5      | Killed Menkaure
  5409 | D:5      | Noticed a troll
  5695 | D:5      | Killed a troll
  5696 | D:5      | Reached skill level 5 in Fighting
  5756 | D:4      | HP: 1/68 [orc/+0 morningstar (7)]
  6050 | D:4      | Noticed Pikel
  6072 | D:4      | Killed Pikel
  6073 | D:4      | Reached XP level 9. HP: 48/74 MP: 7/12
  6399 | D:4      | Learned a level 5 spell: Blade Hands
  6929 | D:6      | Found an iron altar of Okawaru.
  7075 | D:6      | Found a shimmering blue altar of Sif Muna.
  7504 | D:7      | Found a staircase to the Ecumenical Temple.
  7779 | D:7      | Got a blackened cloak
  7785 | D:7      | Identified the +1 cloak "Tepriab" {rPois rC- Stlth+} (You
                  | found it on level 7 of the Dungeon)
  8196 | Temple   | Entered the Ecumenical Temple
  8957 | D:8      | Noticed a two-headed ogre
  8978 | D:8      | Killed a two-headed ogre
  8978 | D:8      | Reached ** piety under Makhleb
  8979 | D:8      | Reached skill level 5 in Invocations
  8979 | D:8      | Reached skill level 5 in Evocations
  8979 | D:8      | Reached XP level 10. HP: 78/83 MP: 13/13
  9072 | D:8      | Noticed an oklob plant
  9106 | D:8      | Killed an oklob plant
  9427 | D:8      | Found a bloodstained altar of Trog.
  9676 | D:9      | Found Udghah's Antique Armour Shop.
  9708 | D:9      | Noticed a centaur warrior
  9722 | D:9      | HP: 3/84 [centaur warrior (12)]
  9726 | D:9      | Killed a centaur warrior
 10293 | D:9      | Killed an unseen horror
 10470 | D:9      | Reached *** piety under Makhleb
 10825 | D:9      | Noticed a boulder beetle
 10845 | D:9      | Killed a boulder beetle
 10846 | D:9      | Reached skill level 10 in Unarmed Combat
 10846 | D:9      | Reached XP level 11. HP: 29/92 MP: 1/15
 11604 | D:10     | Entered Level 10 of the Dungeon
 12295 | D:10     | Noticed a two-headed ogre
 12308 | D:10     | Killed a two-headed ogre
 12309 | D:10     | Reached skill level 10 in Transmutations
 12749 | D:11     | Reached **** piety under Makhleb
 13120 | D:11     | Noticed a green ugly thing
 13131 | D:11     | Killed a green ugly thing
 14414 | D:11     | Found a staircase to the Orcish Mines.
 14692 | D:11     | Noticed an oklob plant
 15065 | D:11     | Found a staircase to the Lair.
 15065 | D:11     | Noticed an oklob plant
 15068 | D:11     | Killed an oklob plant
 15075 | D:11     | Killed an oklob plant
 15814 | D:11     | Found Juovykom's General Store.
 15817 | D:11     | Bought a scroll of amnesia for 35 gold pieces
 15817 | D:11     | Bought a potion of lignification for 30 gold pieces
 15817 | D:11     | Bought a scroll of identify for 20 gold pieces
 15899 | D:12     | Noticed a boulder beetle
 15916 | D:11     | Killed a boulder beetle
 16169 | D:12     | Reached skill level 1 in Shields
 16175 | D:12     | Noticed a deep elf mage
 16191 | D:12     | Killed a deep elf mage
 16403 | D:12     | Noticed a two-headed ogre
 16408 | D:12     | Killed a two-headed ogre
 16409 | D:12     | Reached XP level 12. HP: 91/103 MP: 4/17
 16511 | D:12     | Got a crystal morningstar
 16512 | D:12     | Identified the +7 morningstar of Context {venom, Str+2
                  | Dex+4} (You found it on level 12 of the Dungeon)
 16862 | D:12     | Found a white marble altar of Elyvilon.
 16943 | D:12     | Found a shimmering altar of Xom.
 17329 | D:13     | Reached skill level 1 in Maces & Flails
 17469 | D:13     | Found a runed translucent gate.
 17470 | D:13     | Found a runed translucent gate.
 17473 | D:13     | Found a runed translucent gate.
 17491 | D:13     | Noticed a purple very ugly thing
 17820 | D:13     | Learned a level 4 spell: Petrify
 17904 | D:13     | Noticed an eight-headed hydra
 17916 | D:13     | Killed an eight-headed hydra
 17972 | D:13     | Reached skill level 1 in Earth Magic
 17983 | D:13     | Got a polished halberd
 18269 | D:13     | Noticed a two-headed ogre
 18285 | D:13     | Killed a two-headed ogre
 18740 | D:13     | Identified the +8 halberd "Emmo" {drain, rPois rF+ Stlth+}
                  | (You found it on level 13 of the Dungeon)
 18829 | D:13     | Killed a green very ugly thing
 18834 | D:13     | Reached XP level 13. HP: 99/111 MP: 4/19
 18840 | D:13     | Found a runed translucent gate.
 18840 | D:13     | Found a runed translucent gate.
 18845 | D:13     | Noticed hawla's ghost (journeyman DrCj)
 18848 | D:13     | Found a runed translucent gate.
 18981 | D:13     | Gained mutation: You are clumsy. (Dex -2) [a neqoxec]
 18997 | D:13     | Gained mutation: Your flesh is cold resistant. (rC+) [a
                  | neqoxec]
 19010 | D:13     | Killed hawla's ghost
 19088 | D:13     | Gained mutation: You are frail. (-10% HP) [mutagenic glow]
 19101 | D:13     | Gained mutation: You are occasionally teleported next to
                  | monsters. [mutagenic glow]
 19120 | D:13     | Gained mutation: You tend to lose your temper in combat.
                  | [mutagenic glow]
 19130 | D:13     | Gained mutation: You are very frail. (-20% HP) [mutagenic
                  | glow]
 19148 | D:13     | Gained mutation: You are very clumsy. (Dex -4) [mutagenic
                  | glow]
 19214 | D:13     | Lost mutation: You are very clumsy. (Dex -4) [potion of
                  | mutation]
 19214 | D:13     | Lost mutation: You are very frail. (-20% HP) [potion of
                  | mutation]
 19214 | D:13     | Lost mutation: You are frail. (-10% HP) [potion of
                  | mutation]
 19214 | D:13     | Lost mutation: You are clumsy. (Dex -2) [potion of
                  | mutation]
 19214 | D:13     | Gained mutation: Scrolls take you a little longer to read.
                  | [potion of mutation]
 19214 | D:13     | Gained mutation: Your spells are a little harder to cast,
                  | but a little more powerful. [potion of mutation]
 19215 | D:13     | Lost mutation: You are occasionally teleported next to
                  | monsters. [potion of mutation]
 19215 | D:13     | Lost mutation: You tend to lose your temper in combat.
                  | [potion of mutation]
 19215 | D:13     | Lost mutation: Scrolls take you a little longer to read.
                  | [potion of mutation]
 19215 | D:13     | Lost mutation: Your spells are a little harder to cast, but
                  | a little more powerful. [potion of mutation]
 19215 | D:13     | Gained mutation: Your spells are a little easier to cast,
                  | but a little less powerful. [potion of mutation]
 19215 | D:13     | Lost mutation: Your spells are a little easier to cast, but
                  | a little less powerful. [potion of mutation]
 19215 | D:13     | Gained mutation: Your mind is acute. (Int +2) [potion of
                  | mutation]
 19323 | D:14     | Reached ***** piety under Makhleb
 19328 | D:14     | Reached skill level 5 in Maces & Flails
 19418 | D:14     | Found a gate to the Vaults.
 19458 | D:14     | Found a gate leading to a gauntlet.
 19468 | Gauntlet | Entered a Gauntlet
 19468 | Gauntlet | Found a large runed translucent door.
 19468 | Gauntlet | Found a large runed translucent door.
 19468 | Gauntlet | Found a large runed translucent door.
 19468 | Gauntlet | Found a large runed translucent door.
 19468 | Gauntlet | Found a large runed translucent door.
 19468 | Gauntlet | Found a large runed translucent door.
 19468 | Gauntlet | Found a runed translucent door.
 19468 | Gauntlet | Found a transporter.
 19468 | Gauntlet | Found a transporter.
 19468 | Gauntlet | Found a runed translucent door.
 19468 | Gauntlet | Found a large runed translucent door.
 19468 | Gauntlet | Found a large runed translucent door.
 19468 | Gauntlet | Found a large runed translucent door.
 19468 | Gauntlet | Found a large runed translucent door.
 19468 | Gauntlet | Found a large runed translucent door.
 19468 | Gauntlet | Found a large runed translucent door.
 19536 | Gauntlet | Found a transporter.
 19536 | Gauntlet | Found a transporter.
 19546 | Gauntlet | Found a transporter.
 19556 | Gauntlet | Found a transporter.
 19556 | Gauntlet | Found a transporter.
 19584 | Gauntlet | Found a transporter.
 19587 | Gauntlet | Found a transporter.
 19599 | Gauntlet | Found a transporter.
 19612 | Gauntlet | Found a large runed translucent door.
 19613 | Gauntlet | Found a large runed translucent door.
 19615 | Gauntlet | Found a runed translucent gate.
 19616 | Gauntlet | Found a runed translucent gate.
 19617 | Gauntlet | Found a transporter.
 19617 | Gauntlet | Found a runed translucent gate.
 19639 | Gauntlet | Found a transporter.
 19685 | Gauntlet | Found a transporter.
 19701 | Gauntlet | Found a transporter.
 19782 | Gauntlet | Found a large runed translucent door.
 19782 | Gauntlet | Found a large runed translucent door.
 19801 | Gauntlet | Found a transporter.
 19817 | Gauntlet | Found a transporter.
 20191 | Gauntlet | Identified the cursed +1 plate armour "Kaelen" {rPois}
 20191 | Gauntlet | Noticed a minotaur
 20198 | Gauntlet | Killed a minotaur
 20429 | Gauntlet | Got a twitching copper amulet
 20725 | D:14     | Identified the amulet of Ogaff {Acrobat Int+4} (You found
                  | it in a Gauntlet)
 21387 | Lair:1   | Entered Level 1 of the Lair of Beasts
 21803 | Lair:1   | Found a dark tunnel.
 21810 | Volcano  | Entered a volcano
 21993 | Volcano  | Reached skill level 5 in Dodging
 22315 | Volcano  | Noticed a fire dragon
 22322 | Volcano  | Reached XP level 14. HP: 100/119 MP: 16/21
 22329 | Volcano  | Reached skill level 10 in Fighting
 23485 | Lair:2   | Found a staircase to the Shoals.
 24350 | Lair:2   | Found a hole to the Spider Nest.
 25195 | Lair:3   | Got a pair of steaming gloves
 25206 | Lair:3   | Identified the +0 pair of gloves of Pikkiuss {Rampage} (You
                  | found it on level 3 of the Lair of Beasts)
 25290 | Lair:3   | Identified the Guide on Evil
 25776 | Lair:4   | Reached skill level 5 in Earth Magic
 26169 | Lair:4   | Found a glowing silver altar of Zin.
 26509 | Lair:4   | Got a crude wooden ring
 27110 | Lair:5   | Noticed Sonja
 27112 | Lair:5   | Killed Sonja
 27225 | Lair:5   | Reached skill level 10 in Invocations
 27412 | Lair:5   | Reached ****** piety under Makhleb
 27742 | Lair:5   | Found a staircase to the Slime Pits.
 27816 | Lair:5   | Found a viscous altar of Jiyva.
 28185 | Lair:6   | Entered Level 6 of the Lair of Beasts
 28230 | Lair:6   | Found a frozen archway.
 28239 | IceCv    | Entered an ice cave
 28292 | IceCv    | Identified the ring "Giqel" {Fire rN+ Will+} (You found it
                  | on level 4 of the Lair of Beasts)
 29242 | Lair:6   | Slain by a death ooze

Illustrated notes

Levels and vault maps discovered:
D:1:      dpeg_arrival_round_a, layout_basic, serial_forest,
          infiniplex_forest_end_3, infiniplex_forest_clump_large,
          infiniplex_forest_pool, infiniplex_forest_clump_diagonal,
          infiniplex_forest_clump_small, infiniplex_forest_clump_tiny,
          infiniplex_forest_clump_small
D:2:      layout_rooms
D:3:      layout_rooms
D:4:      layout_rooms, cheibriados_altar_1, grunt_temple_overflow_open,
          uniq_pikel
D:5:      wad_river_or_something, layout_basic, uniq_duvessa, uniq_menkaure
D:6:      layout_rooms, kennysheep_mini, led_sif_pool
D:7:      layout_loops_cross, minmay_temple_entry_gardened_gates, serial_rivers,
          chequers_serial_rivers_marsh, chequers_serial_rivers_micro_d,
          chequers_serial_rivers_small_a, chequers_serial_rivers_micro_d
D:8:      lemuel_slime, layout_loops_ring, lemuel_doored_altar
D:9:      layout_basic, serial_shops, shop_fountains
D:10:     layout_irregular_city
D:11:     layout_basic, dpeg_oklobed_lair, serial_shops, kennysheep_mini_moat
D:12:     layout_cave_pools, basic_altar, corner_web_ring, elyvilon_altar_3
D:13:     layout_basic, enter_bailey_1,
          ploomutoo_gammafunk_ghost_potion_laboratory,
          chequers_decorated_corner, minmay_joined_circles
D:14:     layout_loops_ring, david_vaults_5, abandoned_shop,
          gauntlet_entry_generic
Temple:   regret_index_temple_sphere_string
Lair:1:   layout_hall_layers, enter_volcano_4, cheibrodos_lair_reptile_den
Lair:2:   layout_roguey, minmay_shoals_entry_lonely_mermaid,
          spider_nest_entry_web_field
Lair:3:   layout_gridlike, grunt_megastairs_4, infiniplex_staircase_pool
Lair:4:   layout_long_grid, lemuel_oklob_altar
Lair:5:   layout_loops_ring, slime_altar_1, uniq_sonja
Lair:6:   hangedman_lair_caniforms_friends, layout_gridlike, special_room
          [special_room_jelly], portal_ice_cave_entry_pillars_2,
          infiniplex_staircase_pool_2, serial_bayou_shore_a

Skill      XL: |  1  2  3  4  5  6  7  8  9 10 11 12 13 14 |
---------------+-------------------------------------------+-----
Transmutations | 3 4 5 7 8 9 10 11 12 | 12.2
Fighting       | 2 3 4 5 6 7 8 9 10 | 10.7
Unarmed Combat | 4 5 6 7 8 10 11 12 | 12.7
Invocations    | 1 3 5 6 7 8 9 10 | 10.2
Evocations     | 1 3 5 6 7 8 9 |  9.1
Dodging        | 2 3 5 6 |  6.2
Shields        | 1 3 4 |  4.6
Maces & Flails | 4 6 7 |  7.7
Earth Magic    | 2 4 5 |  5.6
Spellcasting   | 4 |  4.4

Action                   |  1- 3 |  4- 6 |  7- 9 | 10-12 | 13-15 || total
-------------------------+-------+-------+-------+-------+-------++-------
Melee: Dagger            |   122 |   135 |   268 |   349 |       ||   874
       Unarmed           |     7 |       |       |   207 |   547 ||   761
       Tailslap          |    12 |    16 |    32 |    80 |    79 ||   219
       Punch             |     1 |     2 |     1 |    18 |    28 ||    50
       Kick              |       |    25 |    36 |    40 |       ||   101
       Headbutt          |       |    19 |    29 |    23 |       ||    71
       Morningstar       |       |       |       |     4 |     5 ||     9
 Cast: Beastly Appendage |     1 |    18 |    25 |    15 |     4 ||    63
       Blade Hands       |       |       |       |    31 |    66 ||    97
Invok: Minor Destruction |       |       |       |     1 |       ||     1
 Abil: Breathe Steam     |       |       |    12 |    13 |     1 ||    26
Evoke: Wand              |       |       |       |     4 |     7 ||    11
  Use: Potion            |       |     1 |     5 |     6 |     2 ||    14
       Scroll            |       |       |     6 |     8 |    10 ||    24
 Stab: Sleeping          |     1 |       |       |     8 |     6 ||    15
       Paralysed         |       |       |       |     4 |     4 ||     8
Armor: Skin              |    65 |    25 |    92 |   207 |   161 ||   550
Dodge: Dodged            |    94 |    90 |   173 |   289 |   388 ||  1034
